 Dungeon Crawl Stone Soup version 0.30-a0-51-g784eafce7f (webtiles) character file.

Game seed: 13691235302513599396

168 King123 the Covered (level 5, -6/36 HPs)
             Began as a Vampire Fighter on Sept 5, 2022.
             Was a Believer of Hepliaklqana.
             Mangled by an ogre
             ... wielding a +0 giant club
              (20 damage)
             ... on level 4 of the Dungeon.
             The game lasted 00:19:42 (2476 turns).

King123 the Covered (Vampire Fighter)               Turns: 2476, Time: 00:19:43

Health: -6/36      AC: 10    Str: 21    XL:     5   Next: 23%
Magic:  0/5        EV:  9    Int: 18    God:    Hepliaklqana [**....]
Gold:   30         SH:  5    Dex: 20    Spells: 4/4 levels left

rFire   . . .      SeeInvis +    j - +2 whip (freeze)
rCold   x . .      Faith    .    c - +0 buckler
rNeg    . . .      Spirit   +    b - +0 scale mail
rPois   .          Reflect  .    (no helmet)
rElec   .          Harm     .    v - +1 cloak {Stlth+}
rCorr   .          Rampage  .    h - +0 pair of gloves
Will    .....                    (no boots)
Stlth   ++........               g - amulet of guardian spirit
HPRegen 0.32/turn                m - ring "Veaxzeir" {rC- Str+4 Int+8 Dex+6 Stlth+}
MPRegen 0.09/turn                (no ring)

@: healing quickly
A: reduced essence, alive, fangs 3, see invisible, vampiric 2
a: Exsanguinate, Renounce Religion, Recall Ancestor, Ancestor Identity


You were on level 4 of the Dungeon.
You worshipped Hepliaklqana.
Hepliaklqana was pleased with you.
You visited 1 branch of the dungeon, and saw 4 of its levels.

You collected 195 gold pieces.
You spent 165 gold pieces at shops.

Inventory:

Hand Weapons
 a - a +0 war axe
 i - a +0 halberd
 j - a +2 whip of freezing (weapon)
Armour
 b - a +0 scale mail (worn)
 c - a +0 buckler (worn)
 f - a +0 cloak
 h - a +0 pair of gloves (worn)
 v - a +1 cloak of stealth (worn)
Magical Staves
 w - a staff of fire
Jewellery
 g - an amulet of guardian spirit (around neck)
 k - a ring of wizardry
 m - the ring "Veaxzeir" (left hand) {rC- Str+4 Int+8 Dex+6 Stlth+}
   (You found it on level 2 of the Dungeon)

   [ring of dexterity]

   Str:       It affects your strength (+4).
   Int:       It affects your intelligence (+8).
   Dex:       It affects your dexterity (+6).
   rC:        It makes you vulnerable to cold.
   Stlth:     It makes you more stealthy.
Wands
 q - a wand of digging (6)
Scrolls
 e - 2 scrolls of teleportation
 p - a scroll of enchant weapon
Potions
 d - 2 potions of might
 l - a potion of lignification {unknown}
 n - a potion of mutation {unknown}
 o - a potion of berserk rage {unknown}
 r - a potion of degeneration {unknown}
 s - 2 potions of invisibility {unknown}
 t - a potion of heal wounds {unknown}
 u - 2 potions of curing {unknown}


   Skills:
 + Level 3.2 Fighting
 + Level 3.1 Axes
 + Level 0.4(1.7) Maces & Flails
 + Level 3.4 Armour
 + Level 0.2 Dodging
 + Level 3.3 Shields


You had 4 spell levels left.
You didn't know any spells.
Your spell library contained the following spells:

 Spells                   Type           Power      Damage    Failure   Level
 Apportation              Tloc           0%         N/A       61%         1
 Necrotise                Necr           0%         1d4       61%         1
 Summon Small Mammal      Summ           0%         N/A       61%         1


Dungeon Overview and Level Annotations

Branches:
Dungeon (4/15)
 Temple: D:4-7

Altars:
Hepliaklqana

Shops:
D:1 [


Innate Abilities, Weirdness & Mutations

Your life essence is reduced to manifest your ancestor. (-10% HP)
Your natural rate of healing is accelerated.
You have razor-sharp teeth.
You have supernaturally acute eyesight. (SInv)
You are afflicted with vampirism and can become a bat while bloodless.


Message History

You see here a bubbling puce potion.
You barely miss the orc. The orc hits you but does no damage.
The orc barely misses something.
You barely miss the orc. The orc hits you with a +0 hand axe.
The orc closely misses something.
You whack the orc! You freeze the orc.
You kill the orc!
r - a bubbling puce potion
Things that are here:
a +0 hand axe; an orc corpse You swap places.
Ancestor HP restored.
You swap places.
Found a ring mail.
Found 4 poisoned darts.
Found 6 stones.
A goblin comes into view. It is wielding a +0 club.
The goblin shouts!
You hear an angry hiss.
You hear a shout!
You barely miss the goblin. The goblin hits you but does no damage.
You hit the goblin. You freeze the goblin.
You kill the goblin!
An iguana comes into view.
The iguana closely misses you. The iguana attacks as you move away!
The iguana bites you!
Something misses King.
The iguana barely misses you.
You hit the iguana.
The iguana seems to slow down.
You freeze the iguana.
The iguana is heavily wounded.
You block the iguana's attack.
You hit the iguana but do no damage.
The iguana is heavily wounded.
An ogre comes into view. It is wielding a +0 giant club.
The iguana misses you.
You whack the iguana!
The iguana seems to slow down.
You freeze the iguana.
You kill the iguana!
The ogre hits you with a +0 giant club!
You see here an iguana corpse.
You swap places.
The ogre hits you with a +0 giant club!!
Ouch! That really hurt!
You die...

.#.#.#.#.#.# #..#.
#.#.#.#.#... #.#.#..
.#.#.#.#.#.. #.#.#..#
#.#.#†#.#.....#.#.#.#
.#.#)#.#.#.(.#.#.#..
#.#.#.#.#.#.#)#.#.###
.#.#.#.#.#.#.#.#.#..
#.#.#.#.#.#.#.#R#.#
.#.#.#.#.#.#.#.#@#
#.#.#.#.#.#.#.#.#O#
.#.#.#.#.#.#.#.#.#..
#[#.#.#.#.#.#.#.#.#.#
.#R#.#.#.#.#.#.#.#..#
#.#.#.#.#.#.#.#.#.#..
.#.#.#.#.#.#.#.#.#.....
#.#.#.#.#.#.#(#.#. ###
#### ####.#.#.###


You could see the friendly King the battlemage and an ogre (ally target).

Vanquished Creatures
  An iguana (D:4)
  3 adders (D:2)
  A worm (D:4)
  A dart slug (D:1)
  2 orcs
  6 ball pythons
  5 endoplasms
  A giant cockroach (D:1)
  2 goblins
  8 hobgoblins
  2 jackals (D:2)
  2 kobolds (D:1)
  A quokka (D:1)
  4 bats
  3 frilled lizards (D:1)
  6 rats (D:1)
  A bush (D:1)
49 creatures vanquished.

Vanquished Creatures (collateral kills)
  An orc wizard (D:3)
  An adder (D:4)
  An orc (D:3)
  An endoplasm (D:2)
  A hobgoblin (D:2)
  2 jackals (D:2)
  2 quokkas
  3 ball pythons
  2 bats (D:3)
  2 frilled lizards
  5 goblins
  A rat (D:2)
22 creatures vanquished.

Vanquished Creatures (others)
  3 fungi (D:1)
  7 plants (D:1)
10 creatures vanquished.

Grand Total: 81 creatures vanquished

Notes
Turn   | Place    | Note
-------+----------+-------------------------------------------
     0 | D:1      | King123 the Vampire Fighter began the quest for the Orb.
     0 | D:1      | Reached XP level 1. HP: 17/17 MP: 1/1
   270 | D:1      | Reached XP level 2. HP: 23/23 MP: 2/2
   319 | D:1      | Found Ownesh's Antique Armour Emporium.
   525 | D:1      | Gained mutation: You are afflicted with vampirism and can
                  | become a bat while bloodless. [Vampire growth]
   525 | D:1      | Reached XP level 3. HP: 28/28 MP: 3/3
   555 | D:1      | Found a faded altar of an unknown god.
   585 | D:1      | Prayed at the altar of an unknown god.
   585 | D:1      | Became a worshipper of Hepliaklqana the Forgotten
   585 | D:1      | Reached * piety under Hepliaklqana
  1050 | D:2      | Reached XP level 4. HP: 17/31 MP: 1/4
  1056 | D:2      | Identified the ring "Veaxzeir" {rC- Str+4 Int+8 Dex+6
                  | Stlth+}
  1091 | D:2      | Reached ** piety under Hepliaklqana
  1092 | D:2      | Remembered your ancestor King as a battlemage
  2276 | D:1      | Bought a glowing cloak for 165 gold pieces
  2437 | D:4      | Reached XP level 5. HP: 28/36 MP: 2/5
  2473 | D:4      | Noticed an ogre
  2476 | D:4      | Mangled by an ogre

Illustrated notes

Levels and vault maps discovered:
D:1:      psy_arrival_wood_between_worlds, layout_basic, serial_shops,
          nicolae_shop_crystal, shapermc_ecumenical_altar_mp_ritualfount
D:2:      layout_rooms, minmay_heptomino_o4
D:3:      layout_loops_ring, glass_columns_a
D:4:      layout_basic

Skill      XL: |  1  2  3  4 |
---------------+-------------+-----
Axes           | 2 3 |  3.1
Shields        | 3 |  3.3
Fighting       | 3 |  3.2
Armour         | 3 |  3.4
Maces & Flails | |  0.4
Dodging        | |  0.2

Action                   |  1- 3 |  4- 6 || total
-------------------------+-------+-------++-------
Melee: War axe           |    26 |       ||    26
       Whip              |   114 |    43 ||   157
       Bite              |    30 |     2 ||    32
Invok: Ancestor Identity |     1 |       ||     1
       Ancestor Life: Ba |       |     1 ||     1
  Use: Scroll            |       |     5 ||     5
Armor: Scale mail        |    53 |    20 ||    73
Dodge: Dodged            |    44 |    14 ||    58
Block: Buckler           |    24 |     7 ||    31

Table legend: (Time is in decaauts)
 A = Elapsed time spent in this place.
 B = Non-inter-level travel time spent in this place.
 C = Inter-level travel time spent in this place.
 D = Time resting spent in this place.
 E = Time spent auto-exploring this place.
 F = Levels seen in this place.
 G = Mean time per level.
                   A        B        C        D        E       F      G
               +--------+--------+--------+--------+--------+-----+--------+
         Total |   2499 |   2375 |    124 |      0 |      0 |   4 |  624.8 |
       Dungeon |   2499 |   2375 |    124 |      0 |      0 |   4 |  624.8 |
               +--------+--------+--------+--------+--------+-----+--------+

Top non-repeatable levels by time:
     D:1: 987 daAuts
     D:3: 743 daAuts
     D:2: 650 daAuts
     D:4: 117 daAuts
